 Dungeon Crawl Stone Soup version 0.30-a0-381-g6ea064c7b4 (webtiles) character file.

Game seed: 9561169697510036693

185383 KennySheep the Marksdemigod (level 17, -19/143 HPs)
             Began as a Demigod Hunter on Dec 1, 2022.
             Demolished by a merfolk
             ... wielding a +3 trident of freezing
              (28 damage)
             ... on level 4 of the Shoals on Dec 2, 2022.
             The game lasted 01:26:28 (29736 turns).

KennySheep the Marksdemigod (Demigod Hunter)       Turns: 29736, Time: 01:26:28

Health: -19/143    AC: 12    Str: 12    XL:     17   Next: 22%
Magic:  20/20      EV: 29    Int: 17    God:
Gold:   2412       SH:  0    Dex: 43    Spells: 16/16 levels left

rFire   . . .      SeeInvis .    a - +4 arbalest (flame)
rCold   . . .      Faith    .    (shield currently unavailable)
rNeg    . . .      Spirit   .    o - +3 troll leather armour
rPois   .          Reflect  .    (no helmet)
rElec   .          Harm     .    y - scarf {repulsion}
rCorr   .          Rampage  .    (no gloves)
Will    ++...                    l - +1 pair of boots
Stlth   +++++.....               H - amulet of regeneration
HPRegen 2.03/turn                E - ring "Setoraf" {Int+6 Dex+6}
MPRegen 0.17/turn                K - ring of willpower

@: studying Dodging, repel missiles
A: high MP 1, forlorn, divine attributes, mutation resistance 1
a: no special abilities


You were on level 4 of the Shoals.
You visited 4 branches of the dungeon, and saw 26 of its levels.
You also visited: Sewer, Ossuary and Volcano.

You collected 3197 gold pieces.
You spent 785 gold pieces at shops.

Inventory:

Hand Weapons
 a - a +4 arbalest of flaming (weapon)
 b - a +0 triple sword of chaos
Missiles
 O - 6 throwing nets
Armour
 l - a +1 pair of boots (worn)
 o - a +3 troll leather armour (worn)
 y - a scarf of repulsion (worn)
Jewellery
 A - a ring of see invisible
 E - the ring "Setoraf" (left hand) {Int+6 Dex+6}
   (You found it on level 5 of the Lair of Beasts)

   [ring of intelligence]

   Int:       It affects your intelligence (+6).
   Dex:       It affects your dexterity (+6).
 H - an amulet of regeneration (around neck)
 I - a ring of wizardry
 K - a ring of willpower (right hand)
 V - a +4 ring of protection
 Z - a +6 ring of strength
Wands
 d - a wand of polymorph (12)
 h - a wand of mindburst (13)
 L - a wand of digging (7)
 P - a wand of flame (38)
 Q - a wand of iceblast (16)
 S - a wand of charming (9)
 U - a wand of acid (11)
Scrolls
 c - 3 scrolls of magic mapping
 f - a scroll of summoning
 g - 3 scrolls of butterflies
 i - 8 scrolls of blinking
 p - 8 scrolls of immolation
 r - 3 scrolls of torment
 u - 17 scrolls of teleportation
 v - 5 scrolls of vulnerability
 w - 2 scrolls of fear
 z - 4 scrolls of poison
 D - 4 scrolls of amnesia
 F - 2 scrolls of silence
 T - a scroll of brand weapon
Potions
 e - a potion of heal wounds
 j - 10 potions of flight
 k - a potion of ambrosia
 n - 2 potions of brilliance
 q - 3 potions of haste
 s - 9 potions of mutation
 t - a potion of cancellation
 C - 3 potions of lignification
 G - 4 potions of attraction
 J - a potion of magic
 M - 4 potions of might
 R - 6 potions of curing
 W - 4 potions of resistance
 X - a potion of berserk rage
Miscellaneous
 m - a phantom mirror


   Skills:
 + Level 10.8 Fighting
 * Level 8.2 Long Blades
 - Level 18.0 Ranged Weapons
 * Level 14.3 Armour
 + Level 11.2 Dodging
 - Level 7.3 Stealth


You had 16 spell levels left.
You didn't know any spells.
Your spell library contained the following spells:

 Spells                   Type           Power      Damage    Failure   Level
 Freeze                   Ice            0%         1d3       28%         1
 Magic Dart               Conj           0%         1d3       28%         1
 Shock                    Conj/Air       0%         1d3       28%         1
 Ensorcelled Hibernation  Hex/Ice        0%         N/A       38%         2
 Passwall                 Tmut/Erth      0%         N/A       38%         2
 Scorch                   Fire           0%         2d5       38%         2
 Searing Ray              Conj           0%         2d4       38%         2
 Sublimation of Blood     Necr           0%         N/A       38%         2
 Wereblood                Tmut           0%         N/A       38%         2
 Frozen Ramparts          Ice            0%         1d1       63%         3
 Hailstorm                Conj/Ice       0%         3d3       63%         3
 Ignite Poison            Fire/Tmut/Pois 0%         N/A       63%         3
 Kindle Blastsparks       Fire/Tloc/Air  0%         2d10      63%         3
 Ozocubu's Armour         Ice            0%         N/A       63%         3
 Swiftness                Air            0%         N/A       63%         3
 Airstrike                Air            0%         2d(0-16)  95%         4
 Animate Armour           Summ/Erth      0%         N/A       95%         4
 Animate Dead             Necr           0%         N/A       95%         4
 Flame Wave               Conj/Fire      0%         2d4       95%         4
 Fulminant Prism          Conj/Hex       0%         3d5       95%         4
 Summon Lightning Spire   Summ/Air       0%         N/A       95%         4
 Blade Hands              Tmut           0%         N/A       100%        5
 Freezing Cloud           Conj/Ice/Air   0%         6-21      100%        5
 Summon Forest            Summ/Tloc      0%         N/A       100%        5
 Eringya's Noxious Bog    Tmut/Pois      0%         N/A       100%        6
 Iron Shot                Conj/Erth      0%         9d1       100%        6
 Summon Cactus Giant      Summ           0%         N/A       100%        6
 Haunt                    Necr/Summ      0%         N/A       100%        7
 Malign Gateway           Summ/Tloc      0%         N/A       100%        7
 Summon Hydra             Summ           0%         N/A       100%        7
 Infestation              Necr           0%         N/A       100%        8
 Summon Horrible Things   Summ           0%         N/A       100%        8


Dungeon Overview and Level Annotations

Branches:
Dungeon (15/15) Temple (0/1) D:6 Lair (5/5) D:9 Shoals (4/4) Lair:3 Spider (0/4) Lair:3 Slime (0/5) Lair:4 Orc (2/2) D:11 Elf (0/3) Orc:2 Vaults (0/5) D:12 D:13 Depths (0/4) D:15 Sewer (visited) Ossuary (visited) Volcano (visited)

Shops:
D:8 *   D:9 =   Orc:2 ***[:   Shoals:1 [   Shoals:2 ?   Shoals:3 =

Annotations:
D:11 Erolcha
D:13 exclusion: upstairs
Lair:4 1 runed translucent door, Lufi's ghost, journeyman BaHs


Innate Abilities, Weirdness & Mutations

You have an increased reservoir of magic. (+10% MP)
You shall have no god before yourself.
Your divine heritage dramatically boosts your attributes as you level up.
You are somewhat resistant to further mutation.


Message History

The sea snake bites you but does no damage.
The sea snake bites you!!
You wake up.
You shoot a bolt. The bolt misses the sea snake.
The merfolk completely misses you. The sea snake barely misses you.
You shoot a bolt. The bolt hits the dream sheep!
The bolt burns the dream sheep.
You kill the dream sheep!
The sea snake bites you!!
The merfolk hits you from afar with a +3 trident of freezing!
The merfolk freezes you!
Fire: a) +4 arbalest (flame)
Press: ? - help, Q - select action, (/) - cycle Shift-Dir - straight line, f - merfolk
Aim: a merfolk, wielding a +3 trident of freezing (75% to hit)
You shoot a bolt. The bolt hits the sea snake!!
The bolt burns the sea snake.
The sea snake is moderately wounded.
The sea snake completely misses you.
The merfolk hits you but does no damage.
Fire: a) +4 arbalest (flame)
Press: ? - help, Q - select action, (/) - cycle Shift-Dir - straight line, f - manticore, p - merfolk
Aim: a manticore (84% to hit)
You shoot a bolt. The bolt hits the sea snake!!!
The bolt burns the sea snake!!
You kill the sea snake!
The dream sheep bleats!
The merfolk completely misses you.
You hear a bleat!
Fire: a) +4 arbalest (flame)
Press: ? - help, Q - select action, (/) - cycle Shift-Dir - straight line, f - merfolk
Aim: a merfolk, wielding a +3 trident of freezing (75% to hit)
You shoot a bolt. The bolt hits the merfolk!
The bolt burns the merfolk.
The merfolk is moderately wounded.
The merfolk hits you from afar with a +3 trident of freezing!
The merfolk freezes you.
A dream sheep comes into view.
The dream sheep shake their wool and sparkle.
You feel drowsy...
You fall asleep.
The merfolk hits you from afar with a +3 trident of freezing!!!
You wake up.
* * * LOW HITPOINT WARNING * * *
The merfolk freezes you!!
You die...

.~~~~~.....~~~~~~~~≈≈≈≈~
.~~~~~~.....~~~~~~~~≈≈≈~
...~~~~.....~~~~~~~~≈≈~.
...........~~~~~~~~~~~~.
.........~~~~~~~~~~~~~..
.........~~~~~~~~~~~~~..
.............~~~~~~~~~..
...........###..~~~~~...
.......@†### ###.~~~$...
~~.....##m.# ###~~....
~~~.... ...≈. #.~?...
#~~~~.. ~.#.#. #......
#~~~~~. #≈. .≈ #......
~~~~~~~ .#. . #......
~~~~Y~. .S≈H ~~~....
~~~~Y~. ##~~~~~~ ~~~~~~~


You could see a merfolk and 2 dream sheep.

Vanquished Creatures
  A tentacled monstrosity (D:13)
  Rupert (D:13)
  Gastronok (Lair:3)
  Kirke (D:14)
  2 very ugly things
  A juggernaut skeleton (D:15)
  5 merfolk impalers
  2 merfolk javelineers
  Harold (Lair:1)
  3 hydras
  8 centaur warriors
  3 catoblepae (Lair:5)
  Erica (Lair:1)
  4 merfolk avatars
  9 two-headed ogres
  2 ogre magi (Orc:2)
  3 merfolk aquamancers
  A tengu warrior (D:13)
  Urug (D:12)
  8 death yaks (Lair:5)
  9 skeletal warriors
  2 deep trolls (Orc:2)
  An orb spider (Lair:3)
  13 sea snakes
  3 wizards
  2 lindwurms (Volcano)
  2 deep elf pyromancers (D:14)
  17 harpies
  A necromancer (D:15)
  A phantasmal warrior (D:15)
  A sphinx zombie (D:15)
  3 orc knights
  9 fauns
  20 manticores
  23 ugly things
  8 cyclopes
  11 elephants
  A black mamba (Lair:3)
  2 toenail golems (Volcano)
  Maurice (D:11)
  A torpor snail (Lair:5)
  13 merfolk sirens
  2 molten gargoyles (Volcano)
  2 gargoyles (D:11)
  An unseen horror (D:12)
  A large abomination (D:13)
  4 cane toads
  2 demonic crawlers (D:13)
  An unseen horror (shapeshifter) (D:14)
  Psyche (D:11)
  A kobold demonologist (D:12)
  2 efreet (Volcano)
  8 komodo dragons
  8 rime drakes
  3 meliai (D:12)
  2 hornets
  Prince Ribbit (D:5)
  A troll (shapeshifter) (D:14)
  3 wind drakes
  2 polar bears
  11 trolls
  16 merfolk
  9 dream sheep
  6 blink frogs
  3 snapping turtles
  Sigmund (D:2)
  2 spriggan zombies (D:15)
  5 water elementals
  4 slime creatures (D:15)
  A centaur simulacrum (D:14)
  A wraith (D:13)
  8 spriggans (Lair:2)
  A shadow (D:12)
  4 wyverns
  57 yaks
  16 humans
  3 fire elementals (Volcano)
  7 hogs (D:14)
  A chaos spawn (D:13)
  11 vampire mosquitoes
  6 basilisks
  A neqoxec (D:13)
  A steam dragon (D:8)
  Menkaure (Ossuary)
  Edmund (D:5)
  3 wargs
  An acid dragon (D:14)
  13 water moccasins
  An ice beast (D:8)
  A sky beast (D:7)
  15 orc warriors
  2 black bears
  20 ogres
  11 centaurs
  A phantom (D:5)
  4 kobold brigands
  7 bullfrogs
  A gnoll sergeant (D:7)
  4 small abominations (D:13)
  A scorpion (D:6)
  A necrophage (D:7)
  2 earth elementals (Volcano)
  4 killer bees (D:9)
  3 howler monkeys
  7 electric eels
  4 hounds
  A jelly (D:5)
  12 orc priests
  2 gnoll boudas
  Jessica (D:14)
  2 iguanas
  16 orc wizards
  A hell rat (Lair:1)
  3 mummies (Ossuary)
  10 gnolls
  10 adders
  A river rat (D:4)
  3 shadow imps
  An ufetubus (D:6)
  5 worms
  A dart slug (D:3)
  70 orcs
  3 endoplasms
  2 giant cockroaches
  12 goblins
  12 hobgoblins
  7 jackals (D:2)
  17 kobolds
  4 quokkas
  3 ball pythons
  11 bats
  2 frilled lizards
  A gnoll skeleton (Ossuary)
  A gnoll zombie (Ossuary)
  4 goblin skeletons (Ossuary)
  6 goblin zombies (Ossuary)
  3 hobgoblin skeletons (Ossuary)
  3 hobgoblin zombies (Ossuary)
  9 kobold skeletons (Ossuary)
  4 kobold zombies (Ossuary)
  5 orc skeletons (Ossuary)
  6 orc zombies (Ossuary)
  12 rats
  3 rat skeletons (Ossuary)
  5 rat zombies (Ossuary)
  2 fire vortices (Volcano)
806 creatures vanquished.

Vanquished Creatures (others)
  An orc wizard (D:9)
  A fire vortex (Volcano)
  26 fungi
  86 plants
  3 withered plants (D:15)
117 creatures vanquished.

Grand Total: 923 creatures vanquished

Notes
Turn   | Place    | Note
-------+----------+-------------------------------------------
     0 | D:1      | KennySheep the Demigod Hunter began the quest for the Orb.
     0 | D:1      | Reached XP level 1. HP: 17/17 MP: 3/3
    64 | D:1      | Reached skill level 1 in Stealth
   128 | D:1      | Reached XP level 2. HP: 21/24 MP: 4/4
   405 | D:2      | Noticed Sigmund
   417 | D:2      | Killed Sigmund
   418 | D:2      | Reached skill level 4 in Ranged Weapons
   418 | D:2      | Reached XP level 3. HP: 14/30 MP: 5/5
   418 | D:2      | Reached XP level 4. HP: 17/37 MP: 6/6
   418 | D:2      | Reached XP level 5. HP: 20/42 MP: 7/7
  1177 | D:3      | You fall into a shaft and drop 2 floors!
  1177 | D:5      | Entered Level 5 of the Dungeon
  1242 | D:4      | Reached skill level 5 in Ranged Weapons
  1265 | D:4      | Found a glowing drain.
  1272 | Sewer    | Entered a sewer
  1307 | Sewer    | Noticed a water moccasin
  1333 | Sewer    | Killed a water moccasin
  1334 | Sewer    | Reached XP level 6. HP: 51/51 MP: 8/8
  3107 | D:5      | Noticed Edmund
  3171 | D:5      | Killed Edmund
  3172 | D:5      | Reached XP level 7. HP: 58/58 MP: 9/9
  3304 | D:5      | Noticed Prince Ribbit
  3320 | D:5      | Killed Prince Ribbit
  3321 | D:5      | Reached skill level 6 in Ranged Weapons
  4001 | D:6      | Reached XP level 8. HP: 67/67 MP: 10/10
  4466 | D:6      | Reached skill level 7 in Ranged Weapons
  4909 | D:6      | Found a staircase to the Ecumenical Temple.
  5527 | D:7      | Reached skill level 5 in Fighting
  5527 | D:7      | Reached skill level 5 in Stealth
  5564 | D:7      | Reached skill level 5 in Dodging
  5739 | D:7      | Gained mutation: You are dopey. (Int -2) [potion of
                  | mutation]
  5739 | D:7      | Lost mutation: You are dopey. (Int -2) [potion of mutation]
  6107 | D:7      | Noticed a moth of wrath
  6204 | D:8      | Found a sand-covered staircase.
  6213 | Ossuary  | Entered an ossuary
  6697 | Ossuary  | Noticed Menkaure
  6700 | Ossuary  | Killed Menkaure
  6701 | Ossuary  | Reached skill level 8 in Ranged Weapons
  6701 | Ossuary  | Reached XP level 9. HP: 39/74 MP: 11/11
  7324 | D:8      | Noticed a catoblepas
  7459 | D:8      | Found Vadd's Gadget Gallery.
  8195 | D:9      | Reached skill level 9 in Ranged Weapons
  9047 | D:9      | Found Ilaiwk's Jewellery Shoppe.
  9052 | D:9      | Bought a ring of willpower for 250 gold pieces
  9092 | D:9      | Found a staircase to the Lair.
  9363 | D:8      | Reached XP level 10. HP: 80/84 MP: 13/13
  9839 | D:10     | Entered Level 10 of the Dungeon
  9951 | D:10     | HP: 1/84 [yak (14)]
 10574 | D:10     | Reached skill level 10 in Ranged Weapons
 12400 | D:11     | Noticed Psyche
 12416 | D:11     | Killed Psyche
 12509 | D:11     | Noticed a brown ugly thing
 12509 | D:11     | Noticed a cyan ugly thing
 12509 | D:11     | Noticed a red ugly thing
 12589 | D:11     | Noticed Maurice
 12591 | D:11     | Noticed a cyclops
 12680 | D:11     | Killed a cyclops
 12784 | D:11     | Killed Maurice
 12785 | D:11     | Reached skill level 1 in Armour
 12862 | D:11     | Noticed a green ugly thing
 12863 | D:11     | Noticed a green ugly thing
 12891 | D:11     | Killed a red ugly thing
 12905 | D:11     | Killed a green ugly thing
 13382 | D:11     | Noticed a two-headed ogre
 13404 | D:11     | Found a staircase to the Orcish Mines.
 13417 | D:11     | Noticed a manticore
 13444 | D:11     | Killed a manticore
 13752 | Orc:1    | Entered Level 1 of the Orcish Mines
 13769 | D:11     | Reached XP level 11. HP: 81/92 MP: 14/14
 13835 | D:11     | Reached skill level 11 in Ranged Weapons
 14249 | D:11     | Killed a two-headed ogre
 14605 | D:11     | Noticed Erolcha
 14948 | Orc:2    | Entered Level 2 of the Orcish Mines
 14985 | Orc:2    | Noticed a deep troll
 15138 | Orc:2    | Found Afalouho's Book Shop.
 15145 | Orc:2    | Noticed a two-headed ogre
 15148 | Orc:2    | Noticed an ogre mage
 15149 | Orc:2    | Killed a two-headed ogre
 15157 | Orc:2    | Killed an ogre mage
 15157 | Orc:2    | Noticed a two-headed ogre
 15166 | Orc:2    | Killed a two-headed ogre
 15273 | Orc:2    | Noticed a two-headed ogre
 15284 | Orc:2    | Noticed a two-headed ogre
 15288 | Orc:2    | Killed a two-headed ogre
 15289 | Orc:2    | Reached skill level 12 in Ranged Weapons
 15478 | Lair:1   | Entered Level 1 of the Lair of Beasts
 15873 | Lair:1   | Noticed Erica
 15889 | Lair:1   | Killed Erica
 15970 | Lair:1   | Noticed a six-headed hydra
 15985 | Lair:1   | Killed a six-headed hydra
 16118 | Lair:1   | Noticed Harold
 16135 | Lair:1   | Killed Harold
 16136 | Lair:1   | Reached XP level 12. HP: 103/103 MP: 15/15
 16469 | Lair:2   | Reached skill level 5 in Armour
 16506 | Lair:2   | Identified the +1 chain mail of Okawaru's Castigation
                  | {rPois rF+ rC+}
 16957 | Lair:2   | Reached skill level 13 in Ranged Weapons
 17688 | Lair:3   | Found a hole to the Spider Nest.
 17942 | Lair:3   | Found a dark tunnel.
 17952 | Volcano  | Entered a volcano
 18040 | Volcano  | Reached skill level 14 in Ranged Weapons
 18496 | Lair:3   | Noticed Gastronok
 18512 | Lair:3   | Killed Gastronok
 18519 | Lair:3   | Reached XP level 13. HP: 92/111 MP: 16/16
 18826 | Lair:3   | Found a staircase to the Shoals.
 19218 | Lair:4   | Found a runed translucent door.
 19229 | Lair:4   | Noticed Lufi's ghost (journeyman BaHs)
 19283 | Lair:4   | Reached skill level 15 in Ranged Weapons
 19336 | Lair:4   | Found a staircase to the Slime Pits.
 20013 | Lair:5   | Entered Level 5 of the Lair of Beasts
 20433 | Lair:5   | Identified the ring "Setoraf" {Int+6 Dex+6}
 20566 | Lair:5   | Reached skill level 16 in Ranged Weapons
 21453 | Orc:2    | Found Wusa's Antique Armour Boutique.
 21485 | Orc:2    | Found Xualad's General Store.
 21487 | Orc:2    | Found Xegyeludd's General Store.
 21496 | Orc:2    | Reached XP level 14. HP: 118/118 MP: 17/17
 21502 | Orc:2    | Bought a scroll of teleportation for 33 gold pieces
 21502 | Orc:2    | Bought a scroll of blinking for 82 gold pieces
 21504 | Orc:2    | Found Rimadaar's General Store.
 21851 | Orc:2    | Found a staircase to the Elven Halls.
 22505 | D:11     | Reached skill level 17 in Ranged Weapons
 22579 | D:11     | Reached skill level 10 in Armour
 22662 | D:11     | Got the Volume of the Numb Atmosphere
 22880 | D:12     | Noticed Urug
 22883 | D:12     | Killed Urug
 23508 | D:12     | Identified the +9 long sword "Fiemetyi" {drain, rElec}
 23656 | D:13     | Noticed Rupert
 23656 | D:13     | Found a gate to the Vaults.
 24088 | D:12     | Reached skill level 18 in Ranged Weapons
 24573 | D:13     | Killed Rupert
 24748 | D:13     | Found a runed translucent door.
 24995 | D:13     | Gained mutation: You are somewhat resistant to further
                  | mutation. [a neqoxec]
 25042 | D:13     | Noticed a tentacled monstrosity
 25054 | D:13     | Killed a tentacled monstrosity
 25055 | D:13     | Reached skill level 1 in Long Blades
 25603 | D:14     | Noticed Jessica
 25604 | D:14     | Killed Jessica
 25812 | D:14     | Noticed Kirke
 25815 | D:14     | Reached XP level 15. HP: 125/125 MP: 18/18
 25833 | D:14     | Killed Kirke
 25992 | D:15     | Entered Level 15 of the Dungeon
 26150 | D:15     | Found a staircase to the Depths.
 26591 | D:15     | Reached skill level 5 in Long Blades
 27112 | Shoals:1 | Entered Level 1 of the Shoals
 27144 | Shoals:1 | Reached skill level 10 in Fighting
 27204 | Shoals:1 | Reached skill level 10 in Dodging
 27286 | Shoals:1 | Reached XP level 16. HP: 134/134 MP: 19/19
 27641 | Shoals:1 | Found Dubeosch's Armour Shop.
 27691 | Shoals:1 | Identified a scroll of acquirement
 28301 | Shoals:2 | Found Gyolifow's Magic Scroll Shoppe.
 28310 | Shoals:2 | Bought a scroll of teleportation for 60 gold pieces
 28310 | Shoals:2 | Bought a scroll of teleportation for 60 gold pieces
 28310 | Shoals:2 | Bought a scroll of magic mapping for 150 gold pieces
 28310 | Shoals:2 | Bought a scroll of blinking for 150 gold pieces
 28310 | Shoals:2 | Acquired a manual of Dodging
 29022 | Shoals:3 | Found Rac Hudose's Jewellery Emporium.
 29066 | Shoals:3 | Reached XP level 17. HP: 141/141 MP: 20/20
 29302 | Shoals:4 | Entered Level 4 of the Shoals
 29736 | Shoals:4 | Demolished by a merfolk

Illustrated notes

Levels and vault maps discovered:
D:1:      amcnicky_arrival_blooded_trapdoor, layout_basic,
          hellmonk_ecumenical_altar_leap_of_faith
D:2:      layout_loops_ring, uniq_sigmund
D:3:      cheibrodos_greedy_goblins, layout_basic,
          eat_drink_and_be_merry_uskayaw, dk_noncrumbling_2
D:4:      layout_basic, lightli_sewer_entry_pipes
D:5:      layout_loops_ring, nicolae_overflow_hidden_temple, uniq_edmund,
          uniq_prince_ribbit1
D:6:      layout_loops_corners, amcnicky_altar_gilded,
          minmay_temple_entry_purple_smoke, kennysheep_generic_room_15
D:7:      layout_loops_ring, tgw_trog
D:8:      layout_basic, nicolae_ossuary_entry_ruins,
          chequers_serial_rivers_micro_c, eino_tiny_chamber,
          hangedman_decor_push, nicolae_shop_gadgets
D:9:      layout_basic, grunt_lair_entry_orc_guard_hut, serial_shops,
          nicolae_shop_crystal, minmay_splitting_lines
D:10:     wad_lake_hut, layout_layer_cave
D:11:     cheibrodos_breeding_chamber, layout_loops_cross,
          minmay_orc_entry_temple_small, uniq_psyche, uniq_erolcha, uniq_maurice
D:12:     layout_loops_corners, hangedman_abyss_or_decor_jellyfish_corner,
          uniq_urug
D:13:     cheibrodos_body_horror, layout_cave_pools, david_vaults_3
D:14:     layout_roguey [special_room_orc], nicolae_cairo_tiling_large_dashed,
          nemelex_lonely_heart_becter, uniq_kirke
D:15:     gammafunk_depths_entry_grave, layout_irregular_city,
          chequers_serial_rivers_micro_d
Lair:1:   layout_roguey, hangedman_lair_generics_rect, grunt_megastairs_2,
          uniq_erica, uniq_harold
Lair:2:   kb_forest_paths, layout_chaotic_city, serial_bayou_shore_a
Lair:3:   layout_misc_corridors, elwin_shoals_entry_stream,
          nicolae_spider_entry_orb_guardian, nicolae_volcano_entry_hallway,
          bh_autumn_forest_stairs, uniq_gastronok
Lair:4:   layout_cellular_growth, slime_entry_1, ebering_ghost_inner_flame,
          st_stairs_10, uniq_rupert
Lair:5:   evilmike_catoblepas_cave, layout_gridlike, minmay_lair_drake_nest
Shoals:1: layout_shoals, serial_shops, nicolae_shop_waterfront
Shoals:2: layout_shoals, serial_shops, nicolae_lakefront_shop,
          nicolae_shoals_stone_sculpture_thing, st_sunken_huts
Shoals:3: layout_shoals, nicolae_shoals_seven_spires,
          minmay_shop_enchanted_jewellery
Shoals:4: shoals_end_grunt_ice, layout_shoals, serial_shops, nicolae_square_shop
Orc:1:    layout_caves
Orc:2:    st_orc_open, layout_caves, serial_shops,
          nicolae_shop_advertising_works [nicolae_subvault_shop_adworks],
          basic_altar, nicolae_orc_tapped_out

Skill      XL: |  1  2  3  4  5  6  7  8  9 10 11 12 13 14 15 16 17 |
---------------+----------------------------------------------------+-----
Stealth        | 1 2 3 4 5 6 7 |  7.3
Fighting       | 2 3 4 5 6 7 8 9 10 | 10.8
Dodging        | 2 3 4 5 6 7 8 9 10 11 | 11.2
Ranged Weapons | 4 5 6 8 9 10 12 14 16 18 | 18.0
Armour         | 2 4 7 9 11 13 14 | 14.3
Long Blades    | 2 6 7 8 |  8.2

Action                   |  1- 3 |  4- 6 |  7- 9 | 10-12 | 13-15 | 16-18 || total
-------------------------+-------+-------+-------+-------+-------+-------++-------
Melee: Dagger            |       |     3 |    36 |    21 |       |       ||    60
       Unarmed           |       |     9 |       |       |       |       ||     9
       Punch             |       |       |     1 |       |       |       ||     1
       Triple sword      |       |       |       |       |       |     3 ||     3
 Fire: Shortbow          |    31 |   226 |   553 |   706 |       |       ||  1516
       Sling             |       |    10 |       |       |       |       ||    10
       Longbow           |       |       |       |   186 |       |       ||   186
       Arbalest          |       |       |       |    65 |   902 |   267 ||  1234
Evoke: Wand              |       |       |       |     1 |       |       ||     1
  Use: Potion            |       |     2 |     9 |    10 |     2 |       ||    23
       Scroll            |       |     4 |    14 |     8 |     5 |     5 ||    36
 Stab: Confused          |       |     4 |       |       |       |       ||     4
Armor: Leather armour    |     2 |    38 |    49 |    15 |       |       ||   104
       Skin              |       |       |    76 |     9 |       |       ||    85
       Troll leather arm |       |       |       |    59 |   100 |    15 ||   174
Dodge: Dodged            |     8 |   103 |   175 |   428 |   561 |   145 ||  1420
       Repelled          |       |       |       |       |       |     5 ||     5
Block: Other             |     1 |    41 |    65 |   117 |    24 |       ||   248
       Reflection        |       |     1 |     2 |     1 |       |       ||     4

Table legend: (Time is in decaauts)
 A = Elapsed time spent in this place.
 B = Non-inter-level travel time spent in this place.
 C = Inter-level travel time spent in this place.
 D = Time resting spent in this place.
 E = Time spent auto-exploring this place.
 F = Levels seen in this place.
 G = Mean time per level.
                   A        B        C        D        E       F      G
               +--------+--------+--------+--------+--------+-----+--------+
         Total |  30353 |  28083 |   2270 |   5900 |  16032 |  29 | 1046.7 |
       Dungeon |  19051 |  17459 |   1592 |   4812 |   9202 |  15 | 1270.1 |
          Lair |   5767 |   5248 |    519 |    332 |   3803 |   5 | 1153.4 |
        Shoals |   2883 |   2784 |     99 |    308 |   1771 |   4 |  720.8 |
  Orcish Mines |   1463 |   1404 |     59 |    215 |    817 |   2 |  731.5 |
         Sewer |    150 |    150 |      0 |     37 |     41 |   1 |  150.0 |
       Ossuary |    688 |    688 |      0 |    163 |    284 |   1 |  688.0 |
       Volcano |    348 |    348 |      0 |     32 |    113 |   1 |  348.0 |
               +--------+--------+--------+--------+--------+-----+--------+

Top non-repeatable levels by time:
    D:11: 2844 daAuts
    D:10: 2656 daAuts
     D:9: 1653 daAuts
    D:13: 1441 daAuts
    D:12: 1357 daAuts
  Lair:2: 1315 daAuts
     D:6: 1289 daAuts
  Lair:5: 1237 daAuts
     D:8: 1196 daAuts
  Lair:4: 1155 daAuts
     D:7: 1068 daAuts
     D:4: 1068 daAuts
  Lair:1: 1058 daAuts
Shoals:1: 1044 daAuts
  Lair:3: 999 daAuts
